 Dungeon Crawl Stone Soup version 0.25.1-8-g42b30a86e7 (webtiles) character file.

Game seed: 5272867131147115113

3663 pokeman the Thaumaturge (level 9, -7/51 HPs)
             Began as a Deep Elf Wizard on Dec 7, 2020.
             Was an Initiate of Vehumet.
             Mangled by a two-headed ogre
             ... wielding a +0 giant spiked club
              (24 damage)
             ... on level 9 of the Dungeon.
             The game lasted 00:27:35 (11153 turns).

pokeman the Thaumaturge (Deep Elf Wizard)          Turns: 11153, Time: 00:27:35

Health: -7/51      AC:  4    Str:  4    XL:     9   Next: 89%
Magic:  1/36       EV: 12    Int: 33    God:    Vehumet [......]
Gold:   419        SH:  0    Dex: 13    Spells: 21/32 levels left

rFire    . . .     SeeInvis .   C - +2 short sword (drain)
rCold    . . .     Gourm    .   (no shield)
rNeg     . . .     Faith    .   H - +0 leather armour
rPois    .         Spirit   .   b - +0 hat
rElec    .         Reflect  .   W - +0 cloak
rCorr    .         Harm     .   (no gloves)
MR       .....                  (no boots)
Stlth    ++........             (no amulet)
HPRegen  0.17/turn              s - +6 ring of intelligence
MPRegen  0.25/turn              i - ring of magical power

@: very slightly contaminated
A: no striking features
a: Renounce Religion


You were on level 9 of the Dungeon.
You worshipped Vehumet.
Vehumet was noncommittal.
You were hungry.

You visited 2 branches of the dungeon, and saw 10 of its levels.

You collected 419 gold pieces.

Inventory:

Hand Weapons
 C - a +2 short sword of draining (weapon)
 J - a +2 shortbow of flaming
 S - a +0 shortbow of freezing
Missiles
 A - 103 bolts
 K - 120 arrows
Armour
 b - a +0 hat (worn)
 v - a +0 kite shield
 H - a +0 leather armour (worn)
 W - a +0 cloak (worn)
Jewellery
 h - an uncursed ring of positive energy
 i - a ring of magical power (right hand)
 j - an uncursed ring of positive energy
 q - a +4 ring of evasion
 s - a +6 ring of intelligence (left hand)
 t - a +6 ring of intelligence
 x - a +4 ring of slaying
 z - an uncursed ring of resist corrosion
 P - a +6 ring of dexterity
 Q - an uncursed ring of protection from magic
Wands
 e - a wand of digging (3)
 D - a wand of random effects (17)
 O - a wand of clouds (7)
 T - a wand of flame (28)
 V - a wand of iceblast (33)
 X - a wand of enslavement (10)
Scrolls
 a - 3 scrolls of blinking {unknown}
 m - 10 scrolls of remove curse
 o - 4 scrolls of amnesia {unknown}
 r - 3 scrolls of random uselessness {unknown}
 y - 6 scrolls of teleportation {unknown}
 G - 2 scrolls of fear
 I - a scroll of silence
 R - a scroll of immolation
Potions
 c - a potion of haste
 f - a potion of cancellation
 g - 4 potions of curing
 k - 2 potions of magic
 l - 4 potions of brilliance
 n - a potion of mutation
 u - a potion of heal wounds
 B - a potion of lignification
 E - 3 potions of stabbing
 L - a potion of invisibility
 M - a potion of might
 N - a potion of berserk rage
Comestibles
 d - 10 rations


   Skills:
 + Level 3.2 Fighting
 - Level 1.0 Armour
 - Level 3.0 Dodging
 - Level 3.2 Stealth
 - Level 3.0 Shields
 * Level 12.2 Spellcasting
 + Level 6.9 Conjurations
 - Level 1.1 Summonings
 - Level 1.1 Translocations
 + Level 6.1 Fire Magic
 - Level 1.2 Air Magic
 - Level 1.0 Poison Magic
 - Level 1.0 Evocations


You had 21 spell levels left.
You knew the following spells:

 Your Spells              Type           Power        Failure   Level  Hunger
a - Magic Dart            Conj           ####         1%          1    None
b - Mephitic Cloud        Conj/Pois/Air  #####...     3%          3    None
c - Call Imp              Summ           ####....     3%          2    None
d - Blink                 Tloc           N/A          3%          2    None
e - Conjure Flame         Conj/Fire      ######..     1%          3    None

Your spell library contained the following spells:

 Spells                   Type           Power        Failure   Level  Hunger
 Dazzling Flash           Conj/Hex       #####.       2%          3    None
 Corona                   Hex            ###....      4%          1    None
 Ensorcelled Hibernation  Hex/Ice        ###...       6%          2    None
 Slow                     Hex            ###.....     6%          2    None
 Confusing Touch          Hex            ###.....     12%         3    None
 Tukima's Dance           Hex            ###.....     12%         3    None


Dungeon Overview and Level Annotations

Branches:
Dungeon (9/15)             Temple (1/1) D:5
   Lair: D:8-11         Orc: D:9-12

Altars:
Ashenzari
Cheibriados
Dithmenos
Elyvilon
Fedhas
Gozag
Hepliaklqana
Kikubaaqudgha
Makhleb
Nemelex Xobeh
Okawaru
Qazlal
Ru
Sif Muna
Trog
Uskayaw
Vehumet
Wu Jian
Xom
Yredelemnul
Zin
The Shining One

Shops:
D:8 =


Message History

Aim: a two-headed ogre, wielding two +0 giant spiked clubs (almost dead, unaware, hasn't noticed you)
The magic dart hits the two-headed ogre.
The two-headed ogre is almost dead.
The two-headed ogre shouts in stereo!
Casting: Magic Dart (safe; 1% risk of failure)
Confirm with . or Enter, or press ? or * to list all spells.
Aiming: Magic Dart (safe; 1% risk of failure)
Press: ? - help, Shift-Dir - straight line, f/p - two-headed ogre
Aim: a two-headed ogre, wielding two +0 giant spiked clubs (almost dead)
The magic dart hits the two-headed ogre.
The two-headed ogre is almost dead.
Casting: Magic Dart (safe; 1% risk of failure)
Confirm with . or Enter, or press ? or * to list all spells.
You miscast Call Imp.
You are very lightly contaminated with residual magic.
Nothing appears to happen.
The two-headed ogre hits you with a +0 giant spiked club!!
Ouch! That really hurt!
The two-headed ogre hits you with a +0 giant spiked club!!
You die...

#............... #...<..
#............... #......
#............... #......
#............... #......
########....#############.
#...........#...........#.
#...........#...........#.
#...........#...........#.
#........@O.#...........#.
#.....##....#..#.....####.
#......#.......#..........
#......#.......#..........
#......#.......#..........
#......#.......#..........
#......#.......#..........
#......#.......#......5...
#......#.......#..........


You could see a two-headed ogre.

Vanquished Creatures
  Maurice (D:8)
  A hippogriff (D:8)
  Grinder (D:5)
  A wyvern (D:8)
  A hungry ghost (D:8)
  Edmund (D:5)
  2 ice beasts (D:8)
  2 orc warriors
  2 black bears
  A necrophage (D:6)
  An ogre (D:7)
  4 centaurs
  5 bullfrogs
  2 scorpions
  4 crimson imps
  A howler monkey (D:5)
  A jelly (D:5)
  5 hounds
  2 orc priests
  2 centaur skeletons (D:4)
  4 orc wizards
  A bullfrog skeleton (D:8)
  An iguana (D:7)
  6 worker ants
  Natasha (thrice) (D:2)
  A hound skeleton (D:8)
  3 gnolls (D:4)
  15 adders
  A shadow imp (D:7)
  2 oozes
  An adder skeleton (D:6)
  4 worms
  A dart slug (D:2)
  2 leopard geckos
  8 orcs
  3 ball pythons
  2 giant cockroaches
  5 goblins
  3 hobgoblins
  6 jackals
  6 kobolds
  3 quokkas
  6 bats
  A frilled lizard (D:3)
  A quokka skeleton (D:6)
  A quokka zombie (D:7)
  12 rats
142 creatures vanquished.

Vanquished Creatures (collateral kills)
  A worker ant (D:1)
1 creature vanquished.

Grand Total: 143 creatures vanquished

Notes
Turn   | Place    | Note
-------+----------+-------------------------------------------
     0 | D:1      | pokeman the Deep Elf Wizard began the quest for the Orb.
     0 | D:1      | Reached XP level 1. HP: 10/10 MP: 7/7
   219 | D:1      | Reached XP level 2. HP: 16/16 MP: 2/9
   684 | D:1      | Reached skill level 5 in Spellcasting
   987 | D:2      | Reached XP level 3. HP: 11/20 MP: 4/11
  1532 | D:2      | Reached skill level 1 in Fighting
  1568 | D:2      | Learned a level 3 spell: Mephitic Cloud
  1571 | D:2      | Learned a level 2 spell: Call Imp
  1574 | D:2      | Learned a level 2 spell: Blink
  1578 | D:2      | Learned a level 3 spell: Conjure Flame
  1727 | D:1      | Reached skill level 1 in Armour
  1862 | D:2      | Noticed Natasha
  1867 | D:2      | Killed Natasha
  1867 | D:2      | Reached XP level 4. HP: 25/25 MP: 4/13
  2034 | D:2      | Noticed Natasha
  2048 | D:2      | Killed Natasha
  2499 | D:2      | Noticed Natasha
  2507 | D:2      | Killed Natasha
  2507 | D:2      | Reached skill level 6 in Spellcasting
  2507 | D:2      | Reached skill level 1 in Fire Magic
  2507 | D:2      | Reached XP level 5. HP: 29/29 MP: 5/15
  2601 | D:3      | Found an opulent altar of Gozag.
  2602 | D:3      | Found a glowing golden altar of the Shining One.
  2604 | D:3      | Found a sparkling altar of Nemelex Xobeh.
  2604 | D:3      | Found a sacrificial altar of Ru.
  2604 | D:3      | Found an ancient bone altar of Kikubaaqudgha.
  4028 | D:4      | Reached skill level 1 in Air Magic
  4028 | D:4      | Reached XP level 6. HP: 29/34 MP: 7/17
  4245 | D:4      | Reached skill level 7 in Spellcasting
  4651 | D:4      | Reached skill level 1 in Poison Magic
  4651 | D:4      | Reached skill level 1 in Evocations
  5077 | D:4      | Found an iron altar of Okawaru.
  5077 | D:4      | Found a shadowy altar of Dithmenos.
  5335 | D:5      | Entered Level 5 of the Dungeon
  5335 | D:5      | Found a staircase to the Ecumenical Temple.
  5351 | Temple   | Entered the Ecumenical Temple
  5464 | D:5      | Reached XP level 7. HP: 37/38 MP: 13/20
  5530 | D:5      | Reached skill level 1 in Shields
  5605 | D:5      | Reached skill level 8 in Spellcasting
  6036 | D:5      | Noticed Grinder
  6063 | D:5      | Killed Grinder
  6159 | D:5      | Noticed Edmund
  6253 | D:5      | Killed Edmund
  6253 | D:5      | Reached skill level 9 in Spellcasting
  6253 | D:5      | Reached XP level 8. HP: 16/43 MP: 10/23
  6600 | D:5      | Found a shimmering altar of Xom.
  7335 | D:6      | Reached skill level 5 in Conjurations
  7718 | D:6      | Reached skill level 10 in Spellcasting
  8681 | D:7      | HP: 2/43 [iguana (11)]
  8683 | D:7      | Reached XP level 9. HP: 2/47 MP: 11/25
  9364 | D:8      | Reached skill level 11 in Spellcasting
  9364 | D:8      | Reached skill level 5 in Fire Magic
  9681 | D:8      | Noticed Maurice
  9706 | D:8      | Killed Maurice
  9987 | D:8      | Found Engauz's Jewellery Shop.
 10350 | D:8      | Reached skill level 12 in Spellcasting
 10640 | D:9      | Found a radiant altar of Vehumet.
 10655 | D:9      | Became a worshipper of Vehumet
 10937 | D:9      | Noticed a two-headed ogre
 11153 | D:9      | Mangled by a two-headed ogre

Illustrated notes

Levels and vault maps discovered:
D:1:      minmay_arrival_open_corners, layout_basic,
          minmay_misc_feat_nine_boxes, chequers_serial_rivers_micro_d
D:2:      layout_basic, uniq_natasha
D:3:      layout_basic, grunt_temple_overflow_open, kennysheep_generic_room_12
D:4:      layout_basic, gammafunk_temple_overflow_pools
D:5:      layout_basic, lemuel_doored_altar, minmay_temple_entry_mist,
          first_ration, serial_bayou_ford_a, uniq_edmund, uniq_grinder
D:6:      layout_cave_pools
D:7:      layout_cave_pools
D:8:      layout_loops_ring, serial_shops, shop, uniq_maurice
D:9:      layout_grid_maze, vehumet_altar_wand_db, grunt_pizzeria
Temple:   dshaligram_water_room_temple

Skill      XL: |  1  2  3  4  5  6  7  8  9 |
---------------+----------------------------+-----
Spellcasting   | 5 6 7 9 10 12 | 12.2
Fighting       | 1 3 |  3.2
Armour         | 1 |  1.0
Conjurations   | 2 3 4 5 6 |  6.9
Dodging        | 3 |  3.0
Fire Magic     | 1 3 4 6 |  6.1
Stealth        | 3 |  3.2
Air Magic      | 1 |  1.2
Poison Magic   | 1 |  1.0
Evocations     | 1 |  1.0
Shields        | 2 3 |  3.0
Summonings     | |  1.1
Translocations | |  1.1

Action                   |  1- 3 |  4- 6 |  7- 9 || total
-------------------------+-------+-------+-------++-------
Melee: Unarmed           |    22 |       |       ||    22
       Short sword       |       |     7 |    77 ||    84
 Cast: Magic Dart        |    95 |   138 |   295 ||   528
       Call Imp          |     3 |       |    20 ||    23
       Mephitic Cloud    |     2 |     3 |    29 ||    34
       Conjure Flame     |       |     2 |    13 ||    15
       Blink             |       |       |     5 ||     5
  Use: Scroll            |       |       |    17 ||    17
 Stab: Confused          |       |       |     4 ||     4
  Eat: Chunk             |     3 |    11 |    13 ||    27
       Ration            |       |       |     1 ||     1
Armor: Leather armour    |    13 |     2 |    16 ||    31
Dodge: Dodged            |    34 |    15 |    75 ||   124
